 Seeded DCSS version 0.28.0 (webtiles) character file.

Game seed: 10379525442082979767 (custom seed)

641 hikkokomori the Shield-Bearer (level 7, -1/56 HPs)
             Began as a Formicid Fighter on Feb 16, 2022.
             Succumbed to a killer bee's poison
             ... on level 4 of the Dungeon.
             The game lasted 00:05:55 (4777 turns).

hikkokomori the Shield-Bearer (Formicid Fighter)    Turns: 4777, Time: 00:05:56

Health: -1/56      AC:  9    Str: 21 (22) XL:     7   Next: 81%
Magic:  7/7        EV:  7    Int:  6 (8)  God:
Gold:   129        SH:  5    Dex:  9 (10) Spells: 6/6 levels left

rFire   . . .      SeeInvis +   l - +0 halberd (venom)
rCold   . . .      Faith    .   c - +0 buckler
rNeg    . . .      Spirit   .   f - +0 chain mail
rPois   .          Reflect  .   (helmet unavailable)
rElec   .          Harm     .   (no cloak)
rCorr   .          Rampage  .   (no gloves)
Will    .....                   (no boots)
Stlth   ..........              (no amulet)
HPRegen 0.18/turn               (no ring)
MPRegen 0.10/turn               (no ring)

@: brilliant, lethally poisoned (-1 -> -3)
A: permanent stasis, dig shafts and tunnels, antennae 3, four strong arms
a: Dig, Shaft Self


You were on level 4 of the Dungeon.
You visited 1 branch of the dungeon, and saw 5 of its levels.

You collected 129 gold pieces.

Inventory:

Hand Weapons
 a - a +0 trident
 l - a +0 halberd of venom (weapon)
Armour
 b - a +0 scale mail
 c - a +0 buckler (worn)
 f - a +0 chain mail (worn)
Scrolls
 e - a scroll of fear {unknown}
 g - a scroll of enchant weapon {unknown}
 h - a scroll of teleportation
 m - a scroll of amnesia {unknown}
 o - a scroll of fog {unknown}
 p - a scroll of identify
Potions
 d - a potion of might
 j - a potion of attraction {unknown}


   Skills:
 + Level 5.4 Fighting
 + Level 4.3 Polearms
 + Level 5.4 Armour
 + Level 6.0 Shields


You had 6 spell levels left.
You didn't know any spells.
Your spell library contained the following spells:

 Spells                   Type           Power      Damage    Failure   Level
 Static Discharge         Conj/Air       0%         N/A       100%        2
 Dispel Undead            Necr           0%         3d6       100%        4
 Sticky Flame             Conj/Fire      0%         2d3       100%        4


Dungeon Overview and Level Annotations

Branches:
Dungeon (5/15)
 Temple: D:4-7

Altars:

Shops:
D:3 ?

Annotations:
D:5 Eustachio


Innate Abilities, Weirdness & Mutations

You cannot be hasted, slowed, berserked, paralysed or teleported.
You can dig through walls and to a lower floor.
You have a pair of large antennae on your head. (SInv)
Your four strong arms can wield two-handed weapons with a shield.


Message History

The killer bee stings you but does no damage.
You completely miss the killer bee.
You feel sick. The killer bee stings you.
* * * LOW HITPOINT WARNING * * *
The killer bee barely misses you. The killer bee stings you.
* * * LOW HITPOINT WARNING * * *
You barely miss the killer bee.
You feel sick.
The killer bee stings you but does no damage.
The killer bee stings you.
* * * LOW HITPOINT WARNING * * *
Unknown command.
You miss the killer bee.
You feel sick. The killer bee stings you.
* * * LOW HITPOINT WARNING * * *
You block the killer bee's attack. The killer bee stings you.
* * * LOW HITPOINT WARNING * * *
You feel better. The killer bee stings you.
* * * LOW HITPOINT WARNING * * *
You are poisoned.
The killer bee poisons you! You block the killer bee's attack.
You miss the killer bee.
* * * LOW HITPOINT WARNING * * *
You feel sick. You block the killer bee's attack. The killer bee stings you.
* * * LOW HITPOINT WARNING * * *
The killer bee barely misses you.
Unknown command.
It was a potion of brilliance.
You feel clever all of a sudden.
* * * LOW HITPOINT WARNING * * *
You feel sick.
The killer bee stings you but does no damage. x2
It was a potion of degeneration.
There was something very wrong with that liquid.
You feel weakened.
You feel dopey.
You feel clumsy.
* * * LOW HITPOINT WARNING * * *
You feel sick.
The killer bee stings you but does no damage.
You block the killer bee's attack.
Unknown command.
Unknown command.
You closely miss the killer bee.
You die...

# #.......## # ########## # #
# ################ # ########
#.....#........##### #
.......###.###.#.#####......#
# ######.....# #>..#
###..###.##### .##
#####.###.#y# #.............
..# #.....#@# #.#..###.###..
.## ###.###.###.#......# ##.
## #.# #........##### ## #
####.#######.#### # #
#........# #.# # ##
#......#.# #.## ## .##
#......#.# #..## ##. ..##
#......#.# #...# ##.. ...##
##......#######'#######...


You could see a killer bee.

Vanquished Creatures
  Sigmund (D:3)
  Edmund (D:4)
  Blork the orc (D:4)
  A killer bee (D:4)
  An iguana (D:4)
  An orc wizard (D:4)
  Robin (D:4)
  8 gnolls
  3 adders
  An adder skeleton (D:4)
  A worm (D:3)
  4 dart slugs
  4 orcs (D:4)
  9 bats
  An endoplasm (D:3)
  5 giant cockroaches
  13 goblins
  4 hobgoblins
  2 jackals (D:4)
  8 kobolds
  2 quokkas
  8 ball pythons
  4 frilled lizards
  3 rats
87 creatures vanquished.

Notes
Turn   | Place    | Note
-------+----------+-------------------------------------------
     0 | D:1      | hikkokomori the Formicid Fighter began the quest for the
                  | Orb.
     0 | D:1      | Reached XP level 1. HP: 18/18 MP: 1/1
    80 | D:1      | You fall into a shaft and drop 1 floor!
   121 | D:2      | Reached XP level 2. HP: 24/24 MP: 2/2
   357 | D:2      | Reached skill level 4 in Shields
   357 | D:2      | Reached XP level 3. HP: 29/29 MP: 3/3
  1180 | D:1      | Reached XP level 4. HP: 37/37 MP: 4/4
  1548 | D:3      | Found Vynolin's Magic Scroll Boutique.
  2027 | D:3      | Noticed Sigmund
  2034 | D:3      | Killed Sigmund
  2035 | D:3      | Reached skill level 5 in Shields
  2035 | D:3      | Reached XP level 5. HP: 9/43 MP: 5/5
  2035 | D:3      | Reached XP level 6. HP: 10/49 MP: 6/6
  2423 | D:3      | Found a faded altar of an unknown god.
  2778 | D:4      | Noticed Blork the orc
  2783 | D:4      | Killed Blork the orc
  2834 | D:4      | Reached XP level 7. HP: 21/55 MP: 7/7
  3438 | D:4      | Noticed Edmund
  3451 | D:4      | Killed Edmund
  3452 | D:4      | Reached skill level 5 in Fighting
  3452 | D:4      | Reached skill level 5 in Armour
  3831 | D:4      | Noticed Robin
  3839 | D:4      | Killed Robin
  4754 | D:5      | Entered Level 5 of the Dungeon
  4754 | D:5      | Noticed Eustachio
  4766 | D:4      | Reached skill level 6 in Shields
  4772 | D:4      | HP: 1/56 [killer bee (2)]
  4777 | D:4      | Succumbed to a killer bee's poison

Illustrated notes

Levels and vault maps discovered:
D:1:      minmay_arrival_arboretum_small, layout_basic
D:2:      layout_basic
D:3:      layout_loops_cross, serial_shops, nicolae_shop_hallway_stairs,
          ebering_ecumenical_altar_ruins, uniq_sigmund
D:4:      layout_loops_corners, kennysheep_generic_room_2, uniq_blork_the_orc,
          uniq_edmund, uniq_robin
D:5:      layout_cave_pools, corexii_corridor_pit, minmay_lizard_king,
          uniq_eustachio, uniq_ijyb, uniq_duvessa, uniq_prince_ribbit1

Skill      XL: |  1  2  3  4  5  6  7 |
---------------+----------------------+-----
Shields        | 4 5 6 |  6.0
Fighting       | 4 5 |  5.4
Armour         | 4 5 |  5.4
Polearms       | 3 4 |  4.3

Action                   |  1- 3 |  4- 6 |  7- 9 || total
-------------------------+-------+-------+-------++-------
Melee: Trident           |    84 |    23 |       ||   107
       Halberd           |       |    73 |    99 ||   172
 Abil: Dig               |       |       |     1 ||     1
  Use: Scroll            |       |     1 |     6 ||     7
       Potion            |       |       |     4 ||     4
 Stab: Distracted        |       |     1 |       ||     1
Armor: Scale mail        |    22 |       |       ||    22
       Chain mail        |    12 |    33 |    42 ||    87
Dodge: Dodged            |    23 |    30 |    37 ||    90
Block: Buckler           |    15 |    28 |    22 ||    65
